Description

basic start to an economic build

VOD

https://youtu.be/bq32T8ts89s?list=PLFeZeom2b4Dlt63qmkPO8hCencx-rE8xr&t=6473

Build Order

Get SALT Encoding   

  13  0:12  Overlord  
  16  0:53  Hatchery  
  18  1:17  Spawning Pool  
  20  1:36  Extractor  
  20  1:54  Overlord  
  26  2:15  Queen x2  
  30  2:40  Overlord  
  35  2:56  Lair  
  37  3:07  Hatchery  
  45  3:38  Roach Warren  
  44  3:39  Evolution Chamber  
  51  4:12  Zerg Missile Weapons Level 1  
  50  4:16  Evolution Chamber  
  56  4:28  Roach x8  
Spawning Tool Build Advisor. Get it on Overwolf

Go to:

Details

  • Created by: axiak
  • Published on: Apr 06, 2020
  • Modified on: Apr 06, 2020
  • Patch: 4.11.0
Show
View Real Time Build Order
Export as new Build Order

Comments (0)

There are no comments. Be the first!

Create an account to comment!